AoeStats
← zack

Arabia

512632686Analyzed
2v2 RM · 1mo ago on Oct 10, 2026· 30m 50s· 4 players
Game mode
Random Map
Map size
Medium (4 player)
Population
200
Speed
Normal
Resources
Standard
Victory
Conquest
Starting age
Dark Age
Ending age
Imperial Age
RankedLock teamsTeams togetherTeam positionsShared explorationLock speedFull tech treeHidden civsTurbo modeCheats
Victory
Defeat
🇵🇱 Wei · Poland
1090
+18
🇵🇱 Spanish · Poland
1090
+18
vs
🇨🇳 Franks · China
1146
-18
🇨🇳 Spanish · China
1129
-18
Biscuss
6:24 Loom
9:22 Feudal Age
9:47 Double-Bit Axe
9:43 Horse Collar
18:31 Castle Age
17:52 Fletching
19:20 Bodkin Arrow
19:45 Bow Saw
22:19 Heavy Plow
22:49 Padded Archer Armor
23:24 Scale Barding Armor
24:19 Wheelbarrow
24:28 Bodkin Arrow
26:40 Thumb Ring
27:17 Bloodlines
27:07 Husbandry
27:39 Chain Barding Armor
27:46 Ballistics
28:08 Gold Mining
28:11 Stone Mining
29:21 Hand Cart
30:11 Town Watch
31:34 Leather Archer Armor
operator
10:34 Feudal Age
13:03 Loom
16:30 Castle Age
16:10 Horse Collar
16:18 Double-Bit Axe
18:33 Bow Saw
21:44 Scale Barding Armor
21:50 Forging
21:32 Fletching
22:02 Bloodlines
22:23 Heavy Plow
22:27 Gold Mining
23:10 Husbandry
25:36 Chain Barding Armor
25:52 Iron Casting
27:00 Stone Mining
zack
11:47 Feudal Age
12:14 Double-Bit Axe
13:08 Loom
17:47 Castle Age
16:54 Double-Bit Axe
20:52 Gold Mining
24:00 Fletching
24:42 Husbandry
24:40 Bodkin Arrow
25:30 Padded Archer Armor
27:23 Gold Shaft Mining
27:20 Stone Mining
28:11 Leather Archer Armor
Longlonglong
11:54 Feudal Age
17:04 Castle Age
16:41 Double-Bit Axe
20:02 Stone Mining
26:02 Stone Shaft Mining
28:20 Horse Collar
29:37 Elite Skirmisher
31:09 Fletching
31:20 Padded Archer Armor
Connection lost

Rejoining the realm…

Still unreachable

The connection could not be restored.

Session expired

The server has moved on; the page needs a fresh start.